 Dungeon Crawl Stone Soup version 0.27.1-1-g398f81649c (webtiles) character file.

Game seed: 14910164008016248513

100 ZARRMARR the Insei (level 4, -1/29 HPs)
             Began as an Octopode Transmuter on Sept 7, 2021.
             Slain by Natasha (7 damage)
             ... on level 3 of the Dungeon.
             The game lasted 00:08:06 (2547 turns).

ZARRMARR the Insei (Octopode Transmuter)            Turns: 2547, Time: 00:08:07

Health: -1/29      AC:  1    Str:  9    XL:     4   Next: 74%
Magic:  7/7        EV: 13    Int: 16    God:
Gold:   62         SH:  0    Dex: 12    Spells: 6/7 levels left

rFire    . . .     SeeInvis .   d - +2 dagger (venom)
rCold    . . .     Faith    .   (no shield)
rNeg     . . .     Spirit   .   (helmet restricted)
rPois    .         Reflect  .   (no amulet)
rElec    .         Harm     .   (no ring)
rCorr    .         Rampage  .   (no ring)
Will     .....                  (no ring)
Stlth    +++.......             (no ring)
HPRegen  0.09/turn              (no ring)
MPRegen  0.10/turn              (no ring)
                                (no ring)
                                (no ring)

@: no status effects
A: almost no armour, amphibious, 8 rings, camouflage 1, gelatinous body 1,
(nimble swimmer 1), tentacles
a: no special abilities


You were on level 3 of the Dungeon.
You visited 1 branch of the dungeon, and saw 3 of its levels.

You collected 62 gold pieces.

Inventory:

Hand Weapons
 d - a +2 dagger of venom (weapon)
 e - a +0 dagger of speed
Armour
 k - a +0 kite shield
Jewellery
 c - an amulet of faith
Scrolls
 a - a scroll of fear
 i - a scroll of teleportation
Potions
 b - a potion of might
 f - 2 potions of degeneration {unknown}
 g - a potion of lignification {unknown}
 h - a potion of heal wounds {unknown}
 j - a potion of flight {unknown}


   Skills:
 + Level 2.2 Fighting
 + Level 2.8 Dodging
 + Level 2.7 Stealth
 - Level 3.0 Unarmed Combat
 + Level 2.3 Spellcasting
 + Level 2.4 Transmutations
 + Level 1.3 Poison Magic


You had 6 spell levels left.
You knew the following spells:

 Your Spells              Type           Power      Damage    Failure   Level
a - Beastly Appendage     Tmut           18%        N/A       8%          1

Your spell library contained the following spells:

 Spells                   Type           Power      Damage    Failure   Level
 Wereblood                Tmut           9%         N/A       12%         2
 Spider Form              Tmut/Pois      3%         N/A       28%         3
 Ozocubu's Armour         Ice            1%         N/A       52%         3
 Ice Form                 Ice/Tmut       5%         N/A       77%         4
 Ozocubu's Refrigeration  Ice            0%         4d5       100%        7


Dungeon Overview and Level Annotations

Branches:
Dungeon (3/15)

Altars:

Annotations:
D:3 Natasha


Innate Abilities, Weirdness & Mutations

You cannot wear most types of armour.
You are amphibious.
You can wear up to eight rings at the same time.
Your skin changes colour to match your surroundings (Stealth+).
Your rubbery body absorbs attacks. (AC +1, EV +1)
((You are camouflaged near water. (Stealth+)))
You have tentacles for arms and can constrict up to eight enemies at once.


Message History

Natasha is moderately wounded.
You constrict Natasha. Natasha closely misses you.
You hit Natasha.
Natasha is moderately wounded.
You constrict Natasha.
The crimson imp grinds its teeth.
Natasha claws you.
You hit Natasha but do no damage.
Natasha looks as sick as possible!
You squeeze Natasha.
Natasha is heavily wounded.
You constrict Natasha. Natasha claws you!
You hit Natasha.
You kill Natasha!
Natasha screams in pain as she dies!
The crimson imp disappears in a puff of smoke!
You start resting.
Natasha, Servant of Life and Death comes into view.
Natasha hisses angrily.
You hit Natasha.
Natasha is poisoned.
You grab Natasha.
Natasha is moderately wounded.
You constrict Natasha. Natasha barely misses you.
You hit Natasha but do no damage.
Your tentacle-slap misses Natasha.
Natasha is moderately wounded.
You constrict Natasha. Natasha closely misses you.
You completely miss Natasha.
Natasha is heavily wounded.
You constrict Natasha. Natasha claws you.
You hit Natasha but do no damage. Your squeeze misses Natasha.
Natasha is severely wounded.
You constrict Natasha. Natasha casts a spell at you. The magic dart hits you!
* * * LOW HITPOINT WARNING * * *
You hit Natasha but do no damage.
Natasha is almost dead.
You constrict Natasha.
Natasha howls an incantation.
Natasha shimmers violently.
Natasha claws you!
You die...

#.# #.. #.#
#.# #.# #.#
#.# ##. #†#
#.# #.# #
##. #.#.# #
.#######.#.#
##.
?.....(h@..#
#.#
.######..###
##. #..# #.#
#..# ##.
#..# #.#
#..######
##.
#........
#.#
#.######.
##. ##.##
#.#


You could see Natasha (very poisoned).

Vanquished Creatures
  Natasha (D:3)
  2 adders (D:2)
  A worm (D:2)
  A bat (D:1)
  6 endoplasms
  6 giant cockroaches
  4 goblins
  2 hobgoblins (D:2)
  2 jackals (D:2)
  4 quokkas (D:2)
  7 ball pythons
  4 frilled lizards
  6 kobolds
  6 rats
52 creatures vanquished.

Notes
Turn   | Place    | Note
-------+----------+-------------------------------------------
     0 | D:1      | ZARRMARR the Octopode Transmuter began the quest for the
                  | Orb.
     0 | D:1      | Reached XP level 1. HP: 13/13 MP: 3/3
    88 | D:1      | Reached skill level 1 in Stealth
    90 | D:1      | Reached XP level 2. HP: 9/18 MP: 5/5
   847 | D:1      | Reached XP level 3. HP: 16/24 MP: 6/6
  1044 | D:1      | Found a faded altar of an unknown god.
  1720 | D:2      | Reached XP level 4. HP: 20/29 MP: 7/7
  1855 | D:2      | Reached skill level 1 in Poison Magic
  2487 | D:3      | Noticed Natasha
  2496 | D:3      | Killed Natasha
  2539 | D:3      | Noticed Natasha
  2547 | D:3      | Slain by Natasha

Illustrated notes

Levels and vault maps discovered:
D:1:      scummos_arrival_star, layout_loops_ring,
          dreamdust_ecumenical_altar_hidden_monk_grotto, columned_hall_lemuel
D:2:      layout_loops_corners
D:3:      layout_loops_ring, roderic_roman_lattice, uniq_natasha

Skill      XL: |  1  2  3  4 |
---------------+-------------+-----
Stealth        | 1 2 |  2.7
Fighting       | 2 |  2.2
Poison Magic   | 1 |  1.3
Dodging        | |  2.8
Unarmed Combat | |  3.0
Spellcasting   | |  2.3
Transmutations | |  2.4

Action                   |  1- 3 |  4- 6 || total
-------------------------+-------+-------++-------
Melee: Falchion          |    16 |       ||    16
       Tentacles         |    10 |     2 ||    12
       Constrict         |    18 |     5 ||    23
       Dagger            |    64 |    23 ||    87
       Punch             |     1 |     1 ||     2
 Cast: Beastly Appendage |     1 |       ||     1
  Use: Scroll            |     2 |     2 ||     4
 Stab: Sleeping          |    10 |     5 ||    15
Armor: Skin              |     5 |       ||     5
Dodge: Dodged            |    37 |     7 ||    44
       Rpst.: Falchion   |     2 |       ||     2
